Map: [ESL] Tropical Sacrifice

Players

Lambo - Winner!

  • Race: Zerg Zerg
  • Spawn Location: 1:00

Krystianer

  • Race: Protoss Protoss
  • Spawn Location: 7:00

Event: DreamHack SC2 Masters 2022 Atlanta (Online)

VOD

Have the link to the VOD?

Description

Time

  • Played on: Oct. 4, 2022, 12:08 p.m.
  • Length: 16:21

All games in this series

Show
View Real Time Build Order
Export as new Build Order

Lambo Zerg - Winner!

Build Orders: Hatch First 

Get SALT Encoding   

  12  0:00  Drone  
  13  0:12  Overlord  
  13  0:17  Drone  
  14  0:31  Drone x2  
  16  0:49  Hatchery  
  15  0:53  Drone  
  15  0:56  Drone  
  17  0:59  Drone  
  18  1:10  Extractor  
  17  1:15  Spawning Pool  
  17  1:18  Drone  
  17  1:22  Drone  
  18  1:29  Drone  
  19  1:40  Drone  
  20  1:51  Drone  
  21  2:01  Queen x2  
  21  2:02  Zergling x2  
  21  2:03  Overlord  
  26  2:11  Drone  
  26  2:13  Drone  
  26  2:14  Metabolic Boost  
  28  2:23  Drone x2  
  30  2:35  Hatchery  
  29  2:42  Queen  
  31  2:46  Drone  
  31  2:48  Overlord  
  31  2:51  Zergling x2  
  33  2:53  Drone  
  34  2:59  Zergling x4  
  36  3:06  Overlord  
  36  3:08  Queen  
  38  3:13  Drone x2  
  38  3:15  Drone  
  41  3:25  Drone  
  42  3:27  Drone x3  
  42  3:32  Overlord  
  45  3:37  Spore Crawler  
  45  3:38  Drone  
  45  3:42  Overlord  
  45  3:47  Queen  
  45  3:48  Queen  
  49  3:51  Drone x2  
  49  3:54  Overlord  
  51  3:57  Drone x2  
  51  3:59  Drone  
  51  4:02  Drone  
  55  4:04  Overlord  
  52  4:13  Drone  
  52  4:15  Drone x4  
  57  4:18  Zergling x2  
  57  4:20  Evolution Chamber  
  57  4:22  Drone x3  
  60  4:28  Roach Warren  
  60  4:30  Zergling x2  
  61  4:33  Drone  
  61  4:34  Drone x3  
  61  4:37  Drone  
  61  4:38  Drone  
  67  4:44  Drone x3  
  67  4:45  Drone  
  70  4:47  Drone x2  
  70  4:51  Lair  
  70  4:52  Drone x2, Extractor  
  73  4:53  Extractor  
  73  4:57  Zergling x4  
  73  4:58  Queen  
  76  5:04  Drone x4  
  76  5:06  Drone  
  81  5:11  Drone  
  81  5:14  Overlord  
  81  5:18  Overlord  
  81  5:21  Overlord, Extractor  
  81  5:24  Overlord  
  81  5:25  Overlord  
  80  5:28  Overlord  
  80  5:29  Extractor  
  80  5:30  Overlord  
  80  5:32  Overlord  
  80  5:33  Overlord  
  79  5:37  Roach x6  
  79  5:42  Spore Crawler  
  90  5:43  Drone x3  
  90  5:44  Roach  
  90  5:46  Roach  
  90  5:47  Roach  
  90  5:49  Overlord  
  99  5:53  Roach x2  
  103  5:57  Roach x2  
  103  6:02  Roach x2  
  110  6:06  Roach x4  
  110  6:10  Roach  
  115  6:12  Zergling x2, Roach x2  
  115  6:16  Roach  
  115  6:17  Queen, Roach  
  119  6:25  Roach x4  
  119  6:33  Queen  
  119  6:34  Queen  
  119  6:35  Roach  
  119  6:36  Roach x2  
  119  6:38  Overlord  
  129  6:40  Overlord  
  129  6:41  Drone x2  
  129  6:43  Drone  
  129  6:44  Extractor  
  129  6:45  Glial Reconstitution  
  133  7:01  Drone x3  
  133  7:02  Queen  
  133  7:05  Drone x3  
  133  7:06  Drone  
  140  7:09  Queen, Overlord  
  140  7:12  Spore Crawler  
  140  7:15  Overlord  
  141  7:16  Roach x2  
  141  7:19  Overlord x2  
  141  7:21  Overlord  
  149  7:22  Roach x2  
  149  7:24  Ravager  
  150  7:33  Roach  
  150  7:34  Roach x5  
  161  7:43  Roach x3  
  167  7:45  Pneumatized Carapace  
  167  7:48  Overlord  
  167  7:49  Overlord  
  167  7:51  Roach x2  
  171  7:54  Overlord  
  171  7:57  Ravager  
  171  7:58  Ravager x2  
  174  8:00  Roach x3  
  174  8:02  Ravager  
  181  8:11  Roach x7  
  195  8:19  Roach x2  
  199  8:30  Overlord  
  199  8:33  Spire  
  198  8:36  Evolution Chamber  
  198  8:37  Overlord  
  197  8:43  Hatchery  
  196  8:51  Roach x2  
  188  9:02  Roach x13  
  196  9:07  Roach  
  168  9:13  Roach x5  
  151  9:19  Ravager  
  151  9:22  Roach x4  
  151  9:41  Zerg Missile Weapons Level 1  
  151  9:46  Mutalisk x5  
  151  9:49  Drone x4  
  151  9:51  Baneling Nest  
  164  9:55  Queen x2  
  168  10:00  Drone x3  
  168  10:01  Roach x2  
  168  10:02  Ravager x2  
  168  10:03  Ravager  
  168  10:05  Zergling x4  
  180  10:25  Zergling x30  
  195  10:33  Spore Crawler, Queen, Drone x3  
  199  10:41  Centrifugal Hooks  
  195  10:57  Mutalisk x2  
  195  11:04  Hatchery  
  198  11:06  Baneling x25  
  198  11:09  Ravager  
  199  11:20  Baneling x6, Spine Crawler x2  
  197  11:29  Zergling x6  
  198  11:34  Zergling x8  
  197  11:55  Baneling x14  
  197  11:59  Zergling x18  
  200  12:05  Zergling x22  
  200  12:08  Zergling x2  
  175  12:17  Roach x3  
  175  12:19  Ravager  
  143  12:31  Roach x5  
  131  12:38  Queen x2, Roach x3  
  131  12:41  Roach x6  
  131  12:42  Roach  
  146  12:50  Roach x2  
  151  12:51  Ravager  
  151  12:57  Zergling x4  
  151  12:59  Zerg Melee Weapons Level 1  
  151  13:05  Ravager, Spine Crawler  
  150  13:06  Ravager x2  
  150  13:10  Hatchery  
  150  13:12  Mutalisk x5  
  150  13:14  Zergling x14  
  150  13:18  Zergling x4  
  167  13:22  Zergling x4  
  167  13:23  Ravager  
  168  13:28  Ravager  
  168  13:31  Zergling x12  
  175  13:41  Roach x6  
  171  13:48  Roach x3  
  171  13:51  Roach  
  171  13:54  Roach  
  162  13:57  Roach  
  162  13:58  Roach  
  162  14:01  Roach  
  160  14:03  Roach x2  
  160  14:09  Ravager  
  165  14:10  Zergling x10  
  165  14:16  Roach x3  
  176  14:21  Zergling x6  
  179  14:26  Zergling x8  
  179  14:40  Zergling x20  
  189  14:47  Zergling x12  
  193  14:56  Zergling x8  
  196  15:02  Baneling x15  
  195  15:10  Baneling x9, Ravager  
  195  15:12  Drone  
  195  15:13  Drone  
  198  15:18  Zergling x6  
  198  15:20  Baneling x5  
  199  15:22  Baneling x3  
  199  15:27  Zergling x2  
  199  15:28  Zergling x4  
  199  15:44  Baneling  
  199  15:45  Baneling x10  
  197  15:55  Zergling x20  
  196  16:02  Zergling x26  
Show
View Real Time Build Order
Export as new Build Order

Krystianer Protoss 

Build Orders: 1 Gate Expand, Oracle Opening, Archon Immortal, Archon Drop 

Get SALT Encoding   

  12  0:00  Probe  
  13  0:12  Probe  
  14  0:20  Pylon  
  14  0:24  Probe  
  15  0:38  Probe (Chrono Boost)  
  15  0:42  Gateway  
  16  0:47  Probe (Chrono Boost), Assimilator  
  17  0:52  Probe  
  18  1:05  Probe  
  19  1:17  Probe  
  20  1:25  Nexus  
  20  1:37  Cybernetics Core  
  20  1:40  Probe  
  20  1:45  Assimilator  
  21  1:52  Probe  
  22  1:56  Pylon  
  22  2:04  Probe  
  23  2:11  Adept (Chrono Boost)  
  25  2:17  Stargate  
  25  2:18  Probe  
  26  2:24  Warp Gate  
  26  2:31  Adept (Chrono Boost)  
  26  2:32  Probe (Chrono Boost)  
  29  2:37  Probe (Chrono Boost)  
  31  2:46  Probe (Chrono Boost)  
  31  2:47  Probe (Chrono Boost)  
  32  2:51  Probe (Chrono Boost)  
  32  2:54  Probe  
  34  3:00  Oracle (Chrono Boost)  
  34  3:03  Probe  
  38  3:06  Shield Battery, Probe  
  38  3:12  Stalker  
  41  3:15  Probe  
  41  3:18  Probe  
  43  3:25  Pylon  
  43  3:28  Probe  
  43  3:29  Gateway  
  43  3:30  Probe  
  45  3:37  Robotics Facility  
  45  3:41  Probe (Chrono Boost)  
  45  3:44  Assimilator  
  45  3:45  Assimilator  
  47  3:50  Probe (Chrono Boost)  
  47  3:52  Probe (Chrono Boost)  
  48  3:57  Twilight Council, Probe x2 (Chrono Boost)  
  50  4:08  Probe x2  
  52  4:14  Pylon  
  52  4:20  Probe  
  52  4:22  Gateway  
  52  4:23  Gateway  
  53  4:24  Gateway  
  53  4:26  Gateway  
  53  4:32  Warp Prism (Chrono Boost)  
  53  4:35  Charge (Chrono Boost)  
  53  4:37  Probe  
  56  4:47  Pylon  
  56  4:48  Templar Archives  
  56  5:06  Nexus  
  56  5:07  Probe  
  56  5:13  Pylon  
  57  5:16  Zealot x2  
  61  5:25  High Templar x4  
  69  5:28  Pylon  
  69  5:29  Probe  
  69  5:30  Archon x2  
  69  5:31  Probe  
  71  5:37  Zealot x2  
  71  5:41  Probe  
  76  5:43  Probe, Pylon  
  77  5:58  Zealot  
  77  5:59  Zealot x3  
  77  6:02  Zealot x2  
  89  6:10  Probe  
  88  6:14  Probe (Chrono Boost)  
  88  6:18  Immortal (Chrono Boost)  
  81  6:22  Probe (Chrono Boost)  
  80  6:28  Probe (Chrono Boost)  
  80  6:31  Probe (Chrono Boost)  
  80  6:32  Sentry, Probe (Chrono Boost)  
  75  6:33  Sentry x2  
  75  6:35  Shield Battery  
  75  6:36  Probe (Chrono Boost)  
  75  6:37  Probe x2 (Chrono Boost)  
  84  6:46  Probe  
  85  6:47  Immortal (Chrono Boost)  
  85  6:48  Probe, Pylon  
  85  6:50  Forge  
  85  6:51  Probe  
  91  6:57  Assimilator  
  91  6:58  Probe  
  91  7:00  Assimilator  
  92  7:01  High Templar x3  
  92  7:02  Zealot  
  92  7:04  High Templar  
  92  7:05  Probe  
  92  7:06  Probe  
  92  7:07  Archon  
  92  7:08  Archon  
  104  7:09  Pylon  
  104  7:17  Immortal (Chrono Boost)  
  104  7:18  Pylon  
  108  7:26  Gateway  
  108  7:27  Gateway  
  108  7:29  Probe  
  109  7:30  Pylon  
  109  7:31  Probe  
  109  7:32  Protoss Ground Weapons Level 1  
  110  7:37  Photon Cannon  
  110  7:43  Pylon  
  107  7:45  Pylon  
  107  7:46  Immortal (Chrono Boost)  
  107  7:48  Probe  
  107  7:50  Probe  
  113  7:54  High Templar x2  
  113  7:56  Zealot x3  
  113  7:58  Zealot  
  125  8:02  Archon  
  125  8:09  Shield Battery  
  123  8:18  Sentry  
  123  8:19  Sentry  
  125  8:21  Immortal (Chrono Boost)  
  125  8:22  Photon Cannon  
  125  8:24  Shield Battery  
  125  8:25  Shield Battery  
  127  8:33  Probe  
  128  8:40  Probe  
  128  8:41  Nexus  
  128  8:48  Zealot x3  
  128  8:49  Zealot x5  
  128  8:51  Immortal (Chrono Boost)  
  134  9:03  Probe  
  127  9:11  Stalker x2  
  127  9:12  Stalker x5  
  127  9:14  Probe  
  130  9:17  Probe  
  130  9:20  Immortal (Chrono Boost)  
  130  9:22  Blink (Chrono Boost)  
  127  9:25  Probe  
  124  9:43  Stalker  
  124  9:44  Stalker  
  128  9:47  Nexus  
  128  9:48  Protoss Ground Weapons Level 2 (Chrono Boost)  
  128  9:49  Immortal (Chrono Boost)  
  132  9:55  Probe  
  132  9:59  Pylon  
  133  10:07  High Templar x4  
  135  10:12  Photon Cannon  
  135  10:13  Archon x2  
  141  10:16  Probe  
  141  10:18  Immortal (Chrono Boost)  
  141  10:19  Zealot x2, Sentry  
  144  10:32  Shield Battery  
  144  10:39  Stalker x4  
  152  10:46  Zealot x4  
  158  10:53  Warp Prism (Chrono Boost)  
  160  11:00  Probe  
  160  11:02  High Templar  
  160  11:03  High Templar  
  165  11:05  Pylon  
  165  11:07  Pylon  
  165  11:09  Archon  
  165  11:15  Stalker x5  
  175  11:19  Photon Cannon  
  175  11:22  Observer  
  175  11:23  Zealot  
  168  11:40  Stalker x7  
  168  11:46  Shield Battery  
  165  12:05  Zealot x8  
  165  12:07  Probe  
  140  12:36  Zealot x5, Stalker x2  
  140  12:37  Stalker  
  120  12:39  Probe  
  120  12:40  Probe  
  119  12:44  Probe  
  119  12:49  Warp Prism (Chrono Boost)  
  118  12:59  High Templar x3  
  118  13:00  High Templar  
  118  13:02  Zealot x4  
  118  13:03  Archon  
  118  13:04  Archon  
  134  13:07  Assimilator  
  134  13:09  Assimilator  
  134  13:13  Probe  
  134  13:14  Probe  
  132  13:23  Zealot x4  
  132  13:25  Probe  
  132  13:26  Probe  
  138  13:29  Probe  
  139  13:37  Zealot x2  
  128  13:48  Zealot x4  
  128  13:49  Probe  
  128  13:55  Stalker  
  121  13:59  Sentry x3  
  113  14:09  Probe  
  114  14:10  Probe x2  
  114  14:11  Probe  
  114  14:15  Stalker  
  119  14:19  High Templar x2  
  119  14:22  Zealot  
  126  14:24  Observer (Chrono Boost)  
  126  14:27  Archon  
  126  14:34  Stalker x2  
  126  14:37  Probe (Chrono Boost)  
  122  14:40  Probe x2 (Chrono Boost)  
  117  14:51  Sentry x2  
  117  14:52  Sentry  
  122  14:54  Probe (Chrono Boost)  
  122  14:55  Shield Battery  
  121  15:00  Probe (Chrono Boost)  
  121  15:02  Probe (Chrono Boost)  
  124  15:07  Probe (Chrono Boost)  
  124  15:11  Probe (Chrono Boost)  
  124  15:12  Probe (Chrono Boost), High Templar x2  
  129  15:15  Probe (Chrono Boost)  
  129  15:16  Probe (Chrono Boost)  
  129  15:20  Archon  
  131  15:23  Probe (Chrono Boost)  
  133  15:34  Probe (Chrono Boost)  
  131  15:36  Probe x2 (Chrono Boost)  
  131  15:41  High Templar  
  131  15:42  Probe, High Templar x3  
  138  15:43  Probe  
  138  15:46  Archon x2  
  138  15:47  Probe x2  
  98  16:04  Probe  
  98  16:07  Zealot x4  
  98  16:08  Probe  
Tags
 
Add a new tag
Caveats
  • Supply blocks, unpowered buildings, or Contaminate may cause inaccurate times.
  • Supply counts are checked every 10 seconds.